 Dungeon Crawl Stone Soup version 0.25.1-1-g288607f5aa (webtiles) character file.

Game seed: 16639447562698699481

914 DerDa the Thaumaturge (level 7, 0/46 HPs)
             Began as a Mummy Necromancer on July 26, 2020.
             Was an Initiate of Sif Muna.
             Slain by a wyvern zombie (11 damage)
             ... on level 6 of the Dungeon.
             The game lasted 00:13:07 (7592 turns).

DerDa the Thaumaturge (Mummy Necromancer)           Turns: 7592, Time: 00:13:08

Health: 0/46       AC:  5    Str: 11    XL:     7   Next: 82%
Magic:  18/18      EV: 12    Int: 16    God:    Sif Muna [......]
Gold:   266        SH:  0    Dex: 13    Spells: 8/22 levels left

rFire    x . .     SeeInvis .   g - +0 whip
rCold    + . .     Gourm    .   (no shield)
rNeg     + + +     Faith    .   a - +0 robe
rPois    ∞         Spirit   .   j - +2 helmet
rElec    .         Reflect  .   (no cloak)
rCorr    .         Harm     .   (no gloves)
MR       .....                  (no boots)
Stlth    ++........             (no amulet)
HPRegen  0.15/turn              (no ring)
MPRegen  0.16/turn              (no ring)

@: no status effects
A: no food or potions, fire vulnerability, cold resistance 1, negative energy
resistance 3, torment resistance, unbreathing
a: Renounce Religion


You were on level 6 of the Dungeon.
You worshipped Sif Muna.
Sif Muna was noncommittal.
You were not hungry.

You visited 2 branches of the dungeon, and saw 7 of its levels.

You collected 266 gold pieces.

Inventory:

Hand Weapons
 c - a +0 club
 g - a +0 whip (weapon)
 h - a +0 hunting sling
Missiles
 b - 156 stones
 m - 16 bolts
 o - 13 poisoned darts (quivered)
Armour
 a - a +0 robe (worn)
 j - a +2 helmet (worn)
Scrolls
 d - 2 scrolls of teleportation
 e - 2 scrolls of identify
 f - a scroll of amnesia
 i - 3 scrolls of remove curse
 k - a scroll of noise
 l - 3 scrolls of fog
 n - a scroll of random uselessness
 p - 2 scrolls of enchant weapon


   Skills:
 - Level 1.5 Dodging
 - Level 1.5 Stealth
 * Level 8.0 Spellcasting
 * Level 7.5 Necromancy


You had 8 spell levels left.
You knew the following spells:

 Your Spells              Type           Power        Failure   Level  Hunger
a - Pain                  Necr           ####         1%          1    N/A
b - Animate Skeleton      Necr           N/A          1%          1    N/A
c - Vampiric Draining     Necr           ####......   1%          3    N/A
d - Animate Dead          Necr           N/A          4%          4    N/A
e - Agony                 Necr           ####....     14%         5    N/A

Your spell library contained the following spells:

 Spells                   Type           Power        Failure   Level  Hunger


Dungeon Overview and Level Annotations

Branches:
Dungeon (6/15)             Temple (1/1) D:6

Altars:
Ashenzari
Cheibriados
Dithmenos
Elyvilon
Fedhas
Gozag
Kikubaaqudgha
Makhleb
Nemelex Xobeh
Okawaru
Qazlal
Ru
Sif Muna
Trog
Uskayaw
Vehumet
Wu Jian
Xom
Yredelemnul
Zin
The Shining One

Shops:
D:6 *

Portals:
Abyss: D:3

Annotations:
D:3 2 transporters, wojtek's ghost, amateur DsMo


Innate Abilities, Weirdness & Mutations

You do not eat or drink.
Your flesh is vulnerable to fire.
You are immune to poison.
Your flesh is cold resistant. (rC+)
You are immune to negative energy. (rN+++)
You are immune to unholy pain and torment.
You can survive without breathing.


Message History

The wyvern zombie misses you.
You hit the wyvern zombie but do no damage.
The wyvern zombie is severely damaged.
The wyvern zombie barely misses you. The wyvern zombie bites you.
You barely miss the wyvern zombie.
The wyvern zombie is severely damaged.
The wyvern zombie bites you.
You hit the wyvern zombie.
The wyvern zombie is severely damaged.
The wyvern zombie closely misses you. x2
You hit the wyvern zombie.
The wyvern zombie is severely damaged.
The wyvern zombie bites you.
You hit the wyvern zombie but do no damage.
The wyvern zombie is severely damaged.
The wyvern zombie misses you. The wyvern zombie bites you.
* * * LOW HITPOINT WARNING * * *
The wyvern zombie bites you!
You die...

#.#≈..∩..≈..# #..............#
#..≈.⌠.⌠.≈### ##........#..###
...≈.....≈# ##......##.## #
...≈≈≈≈≈≈≈# ########..####
....#.#.### #####........
....#.#.## #.....#..####
....#.#..# ######.####...####
##..#.##.#######.........[.......
##....#.........@..#........#####
#.............Z..##.#####.## ##
##...........######.#####.#####.
#............#### #..##......>...
#......##.....<.###.###.......###
#......#####........###.(.....#
.........###.#..[.............#
$......#.##...................#
###.##.#.##.........<..########


You could see a wyvern zombie.

Vanquished Creatures
  An ice beast (D:5)
  An orc warrior (D:6)
  A scorpion (D:5)
  A howler monkey (D:5)
  A crimson imp (D:5)
  A bullfrog zombie (D:6)
  A jelly (D:5)
  An orc priest (D:6)
  A hound (D:6)
  An orc wizard (D:4)
  2 iguanas
  2 worker ants
  Natasha (thrice) (D:4)
  Robin (D:4)
  5 gnolls
  5 adders
  A howler monkey skeleton (D:6)
  A shadow imp (D:6)
  2 oozes (D:1)
  An adder skeleton (D:4)
  2 worms
  9 dart slugs
  6 leopard geckos
  8 orcs
  3 ball pythons
  3 giant cockroaches
  11 hobgoblins
  6 jackals
  4 kobolds
  3 quokkas
  5 bats
  4 frilled lizards
  12 goblins
  A quokka skeleton (D:5)
  8 rats
118 creatures vanquished.

Vanquished Creatures (collateral kills)
  An orc priest (D:4)
1 creature vanquished.

Grand Total: 119 creatures vanquished

Notes
Turn   | Place    | Note
-------+----------+-------------------------------------------
     0 | D:1      | DerDa the Mummy Necromancer began the quest for the Orb.
     0 | D:1      | Reached XP level 1. HP: 13/13 MP: 4/4
   214 | D:1      | Reached skill level 3 in Spellcasting
   214 | D:1      | Reached XP level 2. HP: 19/19 MP: 1/6
   217 | D:1      | Learned a level 1 spell: Animate Skeleton
   510 | D:1      | Reached XP level 3. HP: 14/24 MP: 5/8
   515 | D:1      | Learned a level 3 spell: Vampiric Draining
  1088 | D:1      | Reached skill level 4 in Spellcasting
  1522 | D:2      | Reached XP level 4. HP: 30/30 MP: 2/10
  1525 | D:2      | Reached skill level 5 in Necromancy
  1962 | D:2      | Reached XP level 5. HP: 35/35 MP: 7/12
  2163 | D:2      | Reached skill level 5 in Spellcasting
  2169 | D:2      | Learned a level 4 spell: Animate Dead
  2175 | D:2      | Learned a level 5 spell: Agony
  2586 | D:3      | Found a faded altar of an unknown god.
  2655 | D:3      | Found a shattered altar of Ashenzari.
  2675 | D:3      | Found a transporter.
  2681 | D:3      | Found a transporter.
  2698 | D:3      | Identified the +5 short sword of Qofyj {distort, rElec
                  | rF+++ Dex-2}
  2838 | D:3      | Found a one-way gate to the infinite horrors of the Abyss.
  2845 | D:3      | Noticed an ancient zyme
  2845 | D:3      | Noticed wojtek's ghost (amateur DsMo)
  3317 | D:4      | Noticed Robin
  3631 | D:4      | Killed Robin
  3813 | D:4      | Noticed Natasha
  3825 | D:4      | Killed Natasha
  3830 | D:4      | Reached XP level 6. HP: 24/41 MP: 0/14
  4091 | D:4      | Reached skill level 6 in Spellcasting
  4399 | D:4      | Noticed Natasha
  4407 | D:4      | Killed Natasha
  4662 | D:4      | Noticed Natasha
  4669 | D:4      | Killed Natasha
  4774 | D:5      | Entered Level 5 of the Dungeon
  4951 | D:5      | Reached XP level 7. HP: 33/46 MP: 17/17
  5358 | D:5      | Reached skill level 7 in Spellcasting
  6194 | D:6      | Reached skill level 8 in Spellcasting
  6328 | D:6      | Found a staircase to the Ecumenical Temple.
  6340 | Temple   | Entered the Ecumenical Temple
  6347 | Temple   | Became a worshipper of Sif Muna the Loreminder
  6826 | D:6      | Found an opulent altar of Gozag.
  6826 | D:6      | Found Gozag's Platinum Reserve.
  7592 | D:6      | Slain by a wyvern zombie

Illustrated notes

Levels and vault maps discovered:
D:1:      evilmike_arrival_rings, layout_loops_ring
D:2:      layout_basic
D:3:      layout_loops_ring, chequers_ecumenical_altar_twisty,
          gammafunk_ghost_abyssal_escape, first_ration, ashenzari_altar_1
D:4:      layout_rooms, serial_corexii_hall, corexii_hall_statues_x,
          corexii_hall_statues_l, minmay_ruptured, uniq_natasha, uniq_robin
D:5:      layout_cave_pods
D:6:      layout_rooms, minmay_temple_entry_sparse_star, serial_shops, shop,
          nicolae_gozag_zags_fifth_avenue
Temple:   regret_index_temple_sigil_plot

Skill      XL: |  1  2  3  4  5  6  7 |
---------------+----------------------+-----
Spellcasting   | 3 4 5 6 8 |  8.0
Necromancy     | 5 6 7 |  7.5
Dodging        | |  1.5
Stealth        | |  1.5

Action                   |  1- 3 |  4- 6 |  7- 9 || total
-------------------------+-------+-------+-------++-------
Melee: Unarmed           |     7 |       |       ||     7
       Club              |       |     4 |       ||     4
       Whip              |       |     8 |    54 ||    62
 Fire: Hunting sling     |       |    47 |     7 ||    54
Throw: Dart              |       |     2 |       ||     2
 Cast: Pain              |    65 |   157 |    46 ||   268
       Vampiric Draining |       |     3 |       ||     3
       Animate Skeleton  |       |     3 |     2 ||     5
       Animate Dead      |       |     1 |     2 ||     3
  Use: Scroll            |       |     6 |     1 ||     7
 Stab: Sleeping          |       |     1 |       ||     1
Armor: Robe              |     2 |    16 |    10 ||    28
Dodge: Dodged            |    12 |    70 |    46 ||   128
